 Dungeon Crawl Stone Soup version 0.23.0-3-gf3c87f2 (webtiles) character file.

Game seed: 7367884988398432331

27255 Scaeme the Basher (level 13, -2/116 (117) HPs)
             Began as a Minotaur Fighter on Feb 24, 2019.
             Was a High Priest of Makhleb.
             Incinerated by Azrael (4 damage)
             ... with a sticky flame
             ... on level 1 of the Spider Nest.
             The game lasted 02:03:08 (11756 turns).

Scaeme the Basher (Minotaur Fighter)               Turns: 11756, Time: 02:03:09

HP:   -2/116 (117)  AC: 31    Str: 29    XL:     13   Next: 3%
MP:   17/17         EV: 10    Int:  5    God:    Makhleb [*****.]
Gold: 663           SH: 17    Dex: 14    Spells: 19/19 levels left

rFire    . . .     SeeInvis .   C - +3 flail (protect)
rCold    + . .     Gourm    .   c - +1 shield
rNeg     . . .     Faith    .   b - +0 plate armour
rPois    +         Spirit   .   (helmet restricted)
rElec    +         Reflect  +   g - +0 cloak
rCorr    .         Harm     .   e - +2 pair of gloves {Dex+3}
MR       +....                  f - +1 pair of boots of Truth {rC+ Regen+}
Stlth    ..........             G - amulet of Beac Zue {Reflect MR+ SH+2}
HPRegen  0.69/turn              o - ring of poison resistance
MPRegen  0.15/turn              n - +4 ring of strength

@: liquid flames, protection aura, glowing
A: retaliatory headbutt, claws 1, horns 2, icy blue scales 1, blurry vision 1,
screaming 1, electricity resistance
a: Minor Destruction, Lesser Servant of Makhleb, Major Destruction, Greater
Servant of Makhleb, Renounce Religion


You were on level 1 of the Spider Nest.
You worshipped Makhleb.
Makhleb was extremely pleased with you.
You were not hungry.

You visited 4 branches of the dungeon, and saw 15 of its levels.
You also visited: Ossuary.

You collected 948 gold pieces.
You spent 285 gold pieces at shops.

Inventory:

Hand Weapons
 a - a +3 flail of freezing
 t - a +3 scimitar of flaming
 C - a +3 flail of protection (weapon)
 H - a +2 dire flail of holy wrath
 L - the +2 great sword of Tenacity {flame, Str+5, unknown}
   (You found it on level 2 of the Lair of Beasts)

   It has been specially enchanted to burn those struck by it, causing extra
   injury to most foes and up to half again as much damage against particularly
   susceptible opponents.
   Big, fiery blades are also staple armaments of hydra-hunters.
   It affects your strength (+5).
Armour
 b - a +0 plate armour (worn)
 c - a +1 shield (worn)
 e - a +2 pair of gloves of dexterity (worn)
 f - the +1 pair of boots of Truth (worn) {rC+ Regen+}
   (You acquired it on level 6 of the Dungeon)

   It protects you from cold.
   It increases your rate of regeneration.
 g - a +0 cloak (worn)
Magical Staves
 E - an uncursed staff of air {unknown}
Jewellery
 m - an uncursed ring of protection from cold
 n - a +4 ring of strength (right hand)
 o - a ring of poison resistance (left hand)
 w - an uncursed ring of positive energy
 G - the amulet of Beac Zue (around neck) {Reflect MR+ SH+2}
   (You found it on level 10 of the Dungeon)

   [amulet of reflection]

   It shields you and reflects attacks.
   It affects your resistance to hostile enchantments.
   It affects your SH (+2).
 I - an uncursed ring of protection from cold
Wands
 j - a wand of polymorph (17)
 D - a wand of enslavement (9)
 F - a wand of acid (9)
 M - a wand of disintegration (13)
Scrolls
 h - 2 scrolls of blinking
 i - 3 scrolls of magic mapping
 p - 2 scrolls of enchant armour
 q - 3 scrolls of teleportation
 r - a scroll of acquirement
 s - 8 scrolls of identify
 y - 7 scrolls of remove curse
 B - a scroll of fear
Potions
 d - a potion of might
 l - 6 potions of haste
 u - a potion of heal wounds
 v - 2 potions of ambrosia
 x - a potion of cancellation
 z - a potion of resistance
 A - 5 potions of curing
Miscellaneous
 J - a phial of floods
Comestibles
 k - 31 rations
 K - 5 chunks of flesh


   Skills:
 + Level 11.6 Fighting
 + Level 14.0 Maces & Flails
 + Level 11.6 Armour
 - Level 5.0 Dodging
 + Level 13.9 Shields
 - Level 3.6 Spellcasting
 + Level 5.1 Invocations


You had 19 spell levels left.
You didn't know any spells.
Your spell library contained the following spells:

 Spells                   Type           Power        Failure   Level  Hunger
 Corona                   Hex            #......      97%         1    ##.....
 Sandblast                Erth           #.....       97%         1    ##.....
 Summon Small Mammal      Summ           #...         97%         1    ##.....
 Call Imp                 Summ           #.......     99%         2    ###....
 Ensorcelled Hibernation  Hex/Ice        #.....       99%         2    ###....
 Passwall                 Tmut/Erth      #.......     99%         2    ###....
 Poisonous Vapours        Pois/Air       #.....       99%         2    ###....
 Call Canine Familiar     Summ           #.......     100%        3    ####...
 Confuse                  Hex            #.......     100%        3    ####...
 Conjure Flame            Conj/Fire      #.......     100%        3    ####...
 Dazzling Spray           Conj/Hex       #.....       100%        3    ####...
 Ignite Poison            Fire/Tmut/Pois #.......     100%        3    ####...
 Mephitic Cloud           Conj/Pois/Air  #.......     100%        3    ####...
 Stone Arrow              Conj/Erth      #.....       100%        3    ####...
 Summon Guardian Golem    Hex/Summ       #.......     100%        3    ####...
 Tukima's Dance           Hex            #.......     100%        3    ####...
 Petrify                  Tmut/Erth      #.......     100%        4    #####..
 Summon Ice Beast         Ice/Summ       #.......     100%        4    #####..
 Summon Lightning Spire   Summ/Air       #.......     100%        4    #####..
 Fireball                 Conj/Fire      #.........   100%        5    ######.
 Lee's Rapid Deconstruct  Erth           #.........   100%        5    ######.
 Bolt of Fire             Conj/Fire      #.........   100%        6    #######
 Freezing Cloud           Conj/Ice/Air   #.........   100%        6    #######
 Ring of Flames           Chrm/Fire      #.........   100%        7    #######
 Ignition                 Fire           #.........   100%        8    #######


Dungeon Overview and Level Annotations

Branches:
Dungeon (11/15)            Temple (1/1) D:7            Lair (2/6) D:11
 Spider (1/4) Lair:2
  Swamp: Lair:2-4    Shoals: Lair:2-4       Orc: D:9-12

Altars:
Ashenzari
Cheibriados
Dithmenos
Elyvilon
Fedhas
Gozag
Hepliaklqana
Kikubaaqudgha
Makhleb
Nemelex Xobeh
Okawaru
Qazlal
Ru
Sif Muna
Trog
Uskayaw
Vehumet
Wu Jian
Xom
Yredelemnul
Zin
The Shining One

Shops:
D:6 %   D:7 *}(   D:8 ?   D:9 =[([


Innate Abilities, Weirdness & Mutations

You reflexively headbutt those who attack you in melee.
You have a pair of horns on your head.
You have sharp fingernails.
You are partially covered in icy blue scales. (AC +2)
Scrolls take you a little longer to read.
You occasionally shout uncontrollably at your foes.
You are resistant to electric shocks. (rElec)


Message History

Azrael is heavily wounded.
You are covered in liquid flames!
Your cacodemon gestures at Azrael.
The bolt of energy hits Azrael!!
The jumping spider leaps!
You hit Azrael. You headbutt Azrael.
Azrael is almost dead.
You are covered in liquid flames!
Azrael gestures at you.
The sphere of damnation explodes!
The damnation engulfs you!!!
* * * LOW HITPOINT WARNING * * *
The damnation engulfs your cacodemon!
The damnation engulfs Azrael.
Azrael completely resists.
Your cacodemon hits Azrael! x2
Azrael dies!
Makhleb accepts your kill.
You have reached level 13!
Okay, then.
The demonic crawler corpse isn't edible.
Okay, then.
You are covered in liquid flames!
You die...

...#..s(# ....>...#
.^......# ^.......# .
##....... .. .....≈#...#
... ... #....# .!..
....###...†# .....
.........2@#°..... #.
#......##†.......
.#..#≈^#.....###.....
.....#...#......#....
.....##..##.#........
....................
...............#......
....#.#..##.......##..#.
....#...##..#.###.......


You could see a friendly cacodemon.

Vanquished Creatures
  2 hydras
  Erica (D:8)
  2 two-headed ogres (D:10)
  Nergalle (D:10)
  An unseen horror (D:10)
  2 orb spiders (Spider:1)
  A wolf spider (Spider:1)
  2 black mambas (Lair:2)
  An elephant (Lair:2)
  6 spiny frogs
  4 komodo dragons
  A troll (D:9)
  A jumping spider (Spider:1)
  A polar bear (Lair:2)
  2 hippogriffs
  4 tarantellas (Spider:1)
  2 wraiths
  15 yaks
  15 redbacks
  A fire elemental (Spider:1)
  A hungry ghost (D:7)
  A basilisk (Lair:2)
  3 water moccasins
  4 hell hounds (Spider:1)
  6 porcupines
  2 orc warriors
  8 sky beasts
  2 black bears
  2 necrophages (D:7)
  2 ice beasts
  5 wolves (Lair:1)
  12 ogres
  3 phantoms
  7 centaurs
  5 crocodiles
  3 big kobolds
  2 elf zombies (D:7)
  8 bullfrogs
  A gnoll sergeant (D:7)
  2 wyvern zombies
  A water moccasin zombie (Ossuary)
  6 scorpions
  8 killer bees
  8 wights
  3 howler monkeys (D:9)
  5 crimson imps
  A quasit (D:8)
  3 human zombies (D:7)
  4 orc priests
  5 hounds
  5 jellies
  8 orc wizards
  2 bullfrog skeletons
  2 iguanas
  A human skeleton (D:7)
  9 worker ants
  3 big kobold zombies (Ossuary)
  An ogre zombie (D:7)
  2 hound zombies
  A hound skeleton (D:8)
  2 mummies (Ossuary)
  2 worker ant zombies (D:7)
  A howler monkey zombie (D:5)
  8 gnolls
  9 adders
  A shadow imp (D:6)
  An ooze (D:3)
  2 adder skeletons (D:5)
  5 adder zombies
  2 worms (D:3)
  12 dart slugs
  3 leopard geckos
  38 orcs
  7 bats
  4 giant cockroaches
  A gnoll zombie (Ossuary)
  10 goblins
  6 hobgoblins
  10 jackals
  4 quokkas
  A ball python (D:1)
  9 frilled lizards
  4 hobgoblin zombies (Ossuary)
  16 kobolds
  9 kobold zombies (Ossuary)
  5 orc zombies (Ossuary)
  A quokka skeleton (D:9)
  A quokka zombie (D:6)
  13 rats
  A rat zombie (D:7)
  8 plants
418 creatures vanquished.

Vanquished Creatures (collateral kills)
  Azrael (Spider:1)
  2 demonic crawlers (Spider:1)
  A yak (D:10)
  A hell hound (Spider:1)
  2 iguanas (D:9)
  An orc (D:10)
8 creatures vanquished.

Vanquished Creatures (others)
  A redback (Spider:1)
  A fungus (Lair:1)
  3 plants
5 creatures vanquished.

Grand Total: 431 creatures vanquished

Notes
Turn   | Place    | Note
-------+----------+-------------------------------------------
     0 | D:1      | Scaeme the Minotaur Fighter began the quest for the Orb.
     0 | D:1      | Reached XP level 1. HP: 19/19 MP: 0/0
    47 | D:1      | Reached XP level 2. HP: 27/27 MP: 1/1
   709 | D:2      | Reached XP level 3. HP: 33/33 MP: 2/2
   715 | D:2      | Found a snail-covered altar of Cheibriados.
   839 | D:2      | Reached skill level 3 in Maces & Flails
   905 | D:2      | Found a sparkling altar of Nemelex Xobeh.
   955 | D:2      | Found a faded altar of an unknown god.
   975 | D:2      | Became a worshipper of Uskayaw the Reveler
   975 | D:2      | Reached * piety under Uskayaw
   976 | D:2      | Fell from the grace of Uskayaw
  1116 | D:2      | Found a shimmering altar of Xom.
  1117 | D:2      | Found a shimmering altar of Xom.
  1118 | D:2      | Found a shimmering altar of Xom.
  1139 | D:2      | Became a worshipper of Xom of Chaos
  1311 | D:2      | XOM: divination: detect items
  1386 | D:3      | Reached skill level 5 in Shields
  1386 | D:3      | Reached XP level 4. HP: 26/40 MP: 3/3
  1545 | D:3      | XOM: harmless Summ miscast
  1622 | D:3      | XOM: harmless Chrm miscast
  1656 | D:3      | XOM: give mutation
  1656 | D:3      | Gained mutation: You are frail. (-10% HP) [Xom's mischief]
  1747 | D:3      | XOM: harmless Tmut miscast
  1751 | D:3      | XOM: blink monster(s)
  1752 | D:3      | XOM: confusion
  1760 | D:3      | Reached skill level 1 in Dodging
  1760 | D:3      | Reached XP level 5. HP: 20/41 MP: 4/4
  1770 | D:3      | Reached skill level 4 in Maces & Flails
  1792 | D:3      | Lost mutation: You are frail. (-10% HP) [potion of
                  | mutation]
  1792 | D:3      | Gained mutation: You are partially covered in icy blue
                  | scales. (AC +2) [potion of mutation]
  1792 | D:3      | Gained mutation: Your magical capacity is low. (-10% MP)
                  | [potion of mutation]
  1792 | D:3      | Gained mutation: Your spells are a little harder to cast,
                  | but a little more powerful. [potion of mutation]
  1981 | D:3      | XOM: stat loss: -1 Int (4/5)
  2502 | D:3      | XOM: severe Chrm miscast
  2720 | D:4      | XOM: confusion
  2758 | D:4      | Reached skill level 5 in Maces & Flails
  2763 | D:4      | Reached XP level 6. HP: 49/52 MP: 4/4
  2782 | D:4      | XOM: enchant monster (good)
  2839 | D:4      | XOM: god gift: scroll labeled AWEUQI HOILL {god gift}
  2843 | D:4      | Reached skill level 5 in Armour
  2887 | D:4      | Reached skill level 8 in Maces & Flails
  2887 | D:4      | Reached XP level 7. HP: 67/67 MP: 4/10
  2897 | D:4      | XOM: snakes to sticks
  2943 | D:4      | Found a burning altar of Makhleb.
  2972 | D:4      | Fell from the grace of Xom
  2972 | D:4      | Became a worshipper of Makhleb the Destroyer
  3035 | D:4      | Paralysed by the fury of Uskayaw for 2 turns
  3408 | D:4      | Found a glowing golden altar of the Shining One.
  3498 | D:5      | Entered Level 5 of the Dungeon
  3648 | D:5      | Reached skill level 9 in Maces & Flails
  3800 | D:5      | Found an iron altar of Okawaru.
  3801 | D:5      | Found a sacrificial altar of Ru.
  3801 | D:5      | Found a glowing silver altar of Zin.
  3801 | D:5      | Found an ornate altar of the Wu Jian Council.
  3848 | D:5      | XOM: noise
  3859 | D:5      | XOM: summons 8 hostile demons
  3860 | D:5      | Noticed a neqoxec
  3860 | D:5      | Noticed a rust devil
  3866 | D:5      | Reached skill level 10 in Maces & Flails
  3866 | D:5      | Reached XP level 8. HP: 78/78 MP: 11/11
  4075 | D:5      | XOM: god gift: pair of embroidered gloves {god gift}
  4241 | D:6      | Reached XP level 9. HP: 75/83 MP: 12/12
  4324 | D:6      | Reached * piety under Makhleb
  4387 | D:6      | Identified a scroll of acquirement
  4388 | D:6      | Got a pair of faintly humming boots
  4399 | D:6      | Identified the +1 pair of boots of Truth {rC+ Regen+} (You
                  | acquired it on level 6 of the Dungeon)
  4418 | D:6      | XOM: give mutations
  4418 | D:6      | Gained mutation: Scrolls take you a little longer to read.
                  | [Xom's mischief]
  4418 | D:6      | Gained mutation: You are clumsy. (Dex -2) [Xom's mischief]
  4530 | D:6      | Found Monysecw's Food Boutique.
  4541 | D:6      | Bought a ration for 70 gold pieces
  4541 | D:6      | Bought a ration for 70 gold pieces
  4541 | D:6      | Bought a ration for 70 gold pieces
  4551 | D:6      | Found a deep blue altar of Sif Muna.
  4575 | D:6      | XOM: give mutations
  4575 | D:6      | Gained mutation: You occasionally shout uncontrollably at
                  | your foes. [Xom's mischief]
  4575 | D:6      | Gained mutation: You are very clumsy. (Dex -4) [Xom's
                  | mischief]
  4706 | D:6      | Found a basalt altar of Yredelemnul.
  4725 | D:7      | Found Zaocsuq's Gadget Shop.
  4828 | D:7      | Paralysed by the fury of Uskayaw for 6 turns
  4879 | D:7      | Reached skill level 10 in Shields
  4895 | D:7      | Found Jimidghu's Weapon Boutique.
  5118 | D:7      | Found a staircase to the Ecumenical Temple.
  5204 | D:7      | XOM: summons 1 hostile shadow creature
  5256 | D:7      | Paralysed by the fury of Uskayaw for 7 turns
  5292 | D:7      | Was forgiven by Uskayaw
  5325 | D:7      | Reached ** piety under Makhleb
  5342 | D:7      | Reached skill level 10 in Armour
  5347 | D:7      | Reached XP level 10. HP: 91/91 MP: 12/12
  5356 | D:7      | Found an ancient bone altar of Kikubaaqudgha.
  5376 | D:7      | XOM: mild Pois miscast
  5400 | D:7      | Found a sand-covered staircase.
  5406 | Ossuary  | Entered an ossuary
  5547 | Ossuary  | Reached *** piety under Makhleb
  5647 | D:7      | XOM: mild Chrm miscast
  5675 | D:7      | Found Atariy's Assorted Antiques.
  5906 | Temple   | Entered the Ecumenical Temple
  6129 | Temple   | Lost mutation: Your magical capacity is low. (-10% MP)
                  | [potion of mutation]
  6129 | Temple   | Lost mutation: Your spells are a little harder to cast, but
                  | a little more powerful. [potion of mutation]
  6129 | Temple   | Gained mutation: You are resistant to electric shocks.
                  | (rElec) [potion of mutation]
  6130 | Temple   | Lost mutation: You are very clumsy. (Dex -4) [potion of
                  | mutation]
  6130 | Temple   | Lost mutation: You are clumsy. (Dex -2) [potion of
                  | mutation]
  6130 | Temple   | Gained mutation: Your spells are a little harder to cast,
                  | but a little more powerful. [potion of mutation]
  6130 | Temple   | Gained mutation: You have sharp fingernails. [potion of
                  | mutation]
  6253 | D:8      | XOM: noise
  6282 | D:8      | Found Morerr's Magic Scroll Shoppe.
  6292 | D:8      | Bought a scroll of teleportation for 45 gold pieces
  6292 | D:8      | Bought a scroll of identify for 30 gold pieces
  6370 | D:8      | Noticed Erica
  6381 | D:8      | Killed Erica
  6424 | D:8      | XOM: noise
  6500 | D:8      | Reached skill level 11 in Maces & Flails
  6639 | D:8      | Reached skill level 5 in Dodging
  6790 | D:7      | XOM: harmless Tmut miscast
  6853 | D:8      | Reached **** piety under Makhleb
  7165 | D:9      | XOM: mild Air miscast
  7229 | D:9      | Found a shadowy altar of Dithmenos.
  7317 | D:9      | Found Maufalur's Antique Armour Shoppe.
  7388 | D:9      | Found Sepadial's Jewellery Shoppe.
  7458 | D:9      | Found Emed's Armour Shop.
  7482 | D:9      | Found Besmar's Weapon Shop.
  7551 | D:9      | XOM: noise
  7959 | D:9      | XOM: mild Necr miscast
  8085 | D:9      | XOM: god gift: 29 gold pieces
  8131 | D:10     | Entered Level 10 of the Dungeon
  8284 | D:10     | Reached XP level 11. HP: 98/98 MP: 15/15
  8311 | D:9      | Found an opulent altar of Gozag.
  8409 | D:10     | Noticed Nergalle
  8426 | D:10     | Killed Nergalle
  8478 | D:10     | Reached skill level 10 in Fighting
  8524 | D:10     | Reached skill level 12 in Maces & Flails
  8530 | D:10     | Got a wavering sapphire amulet
  8533 | D:10     | Identified the amulet of Beac Zue {Reflect MR+ SH+2} (You
                  | found it on level 10 of the Dungeon)
  8559 | D:10     | XOM: cloud trail
  8620 | D:10     | Killed an unseen horror
  8687 | D:10     | Noticed a two-headed ogre
  8696 | D:10     | Killed a two-headed ogre
  8713 | D:10     | Noticed a two-headed ogre
  8720 | D:10     | Killed a two-headed ogre
  8751 | D:10     | Reached ***** piety under Makhleb
  9238 | D:11     | Found a staircase to the Lair.
  9248 | Lair:1   | Entered Level 1 of the Lair of Beasts
  9258 | Lair:1   | Noticed an eight-headed hydra
  9270 | Lair:1   | Killed an eight-headed hydra
  9902 | Lair:1   | XOM: mild Necr miscast
  9930 | Lair:1   | Reached XP level 12. HP: 96/107 MP: 16/16
  9935 | Lair:1   | Reached skill level 13 in Maces & Flails
 10246 | Lair:2   | Noticed an Executioner
 10246 | Lair:2   | Noticed an eight-headed hydra
 10247 | Lair:2   | Noticed a green death
 10590 | Lair:2   | Found a hole to the Spider Nest.
 10708 | Lair:2   | Got an encrusted great sword
 10716 | Lair:2   | Killed an eight-headed hydra
 10841 | Lair:2   | Reached skill level 5 in Invocations
 11194 | Lair:2   | XOM: give mutation
 11194 | Lair:2   | Lost mutation: Your spells are a little harder to cast, but
                  | a little more powerful. [Xom's mischief]
 11194 | Lair:2   | Was forgiven by Xom
 11549 | Spider:1 | Entered Level 1 of the Spider Nest
 11732 | Spider:1 | Noticed Azrael
 11738 | Spider:1 | Reached skill level 14 in Maces & Flails
 11755 | Spider:1 | HP: 1/109 [Azrael/damnation (45)]
 11755 | Spider:1 | Killed Azrael
 11755 | Spider:1 | Reached XP level 13. HP: 2/116 MP: 17/17
 11756 | Spider:1 | Incinerated by Azrael

Skill      XL: |  1  2  3  4  5  6  7  8  9 10 11 12 |
---------------+-------------------------------------+-----
Armour         | 4 8 9 10 11 | 11.6
Shields        | 4 5 8 9 10 11 12 13 | 13.9
Maces & Flails | 3 5 8 10 11 12 14 | 14.0
Fighting       | 4 7 9 10 11 | 11.6
Dodging        | 1 4 5 |  5.0
Spellcasting   | 3 |  3.6
Invocations    | 3 4 5 |  5.1

Action                   |  1- 3 |  4- 6 |  7- 9 | 10-12 | 13-15 || total
-------------------------+-------+-------+-------+-------+-------++-------
Melee: Flail             |   118 |   147 |   304 |   874 |       ||  1443
       Headbutt          |    18 |    29 |    55 |   263 |       ||   365
Throw: Javelin           |       |       |     5 |       |       ||     5
       Tomahawk          |       |       |     1 |       |       ||     1
Invok: Renounce Religion |     1 |       |       |       |       ||     1
       Minor Destruction |       |       |       |     3 |       ||     3
       Lesser Servant of |       |       |       |     3 |       ||     3
       Major Destruction |       |       |       |     2 |       ||     2
       Greater Servant o |       |       |       |     3 |       ||     3
Evoke: Wand              |       |       |       |     3 |       ||     3
  Use: Potion            |     4 |     5 |     6 |     5 |       ||    20
       Scroll            |     3 |     7 |     7 |     5 |       ||    22
 Stab: Distracted        |       |       |       |     1 |       ||     1
  Eat: Chunk             |     2 |     4 |    10 |    22 |       ||    38
Armor: Scale mail        |     4 |       |       |       |       ||     4
       Chain mail        |    59 |    75 |   111 |    18 |       ||   263
       Plate armour      |       |       |       |   332 |       ||   332
Dodge: Dodged            |    25 |    29 |    86 |   233 |       ||   373
Block: Shield            |    70 |    91 |   217 |   603 |       ||   981
       Reflection        |       |       |       |     2 |       ||     2
